 Dungeon Crawl Stone Soup version 0.27-b1-42-g19c61b19a5 (webtiles) character file.

Game seed: 14365072313498193700

56 ketsa the Skirmisher (level 3, -2/31 HPs)
             Began as a Palentonga Abyssal Knight on July 29, 2021.
             Was a Follower of Lugonu.
             Slain by a scorpion (6 damage)
             ... on level 3 of the Dungeon.
             The game lasted 00:07:49 (3631 turns).

ketsa the Skirmisher (Palentonga Abyssal Knight)    Turns: 3631, Time: 00:07:50

Health: -2/31      AC:  4    Str: 15    XL:     3   Next: 71%
Magic:  4/4        EV:  9    Int: 12    God:    Lugonu [*.....]
Gold:   120        SH:  0    Dex: 10    Spells: 2/2 levels left

rFire    . . .     SeeInvis +   c - +0 war axe
rCold    . . .     Faith    .   (no shield)
rNeg     . . .     Spirit   .   b - +0 leather armour
rPois    .         Reflect  .   (no helmet)
rElec    .         Harm     .   (no cloak)
rCorr    .         Rampage  .   (no gloves)
Will     .....                  (no barding)
Stlth    +.........             (no amulet)
HPRegen  0.10/turn              (no ring)
MPRegen  0.09/turn              (no ring)

@: lethally poisoned (-2 -> -8), attractive, very slightly contaminated,
invisible
A: large, rugged brown scales 3, see invisible, deformed body, roll 1, armoured
tail
a: Rolling Charge, Renounce Religion, Depart the Abyss


You were on level 3 of the Dungeon.
You worshipped Lugonu.
Lugonu was aware of your devotion.
You visited 1 branch of the dungeon, and saw 3 of its levels.
You visited the Abyss 1 time.

You collected 120 gold pieces.

Inventory:

Hand Weapons
 a - a +1 hand axe
 c - a +0 war axe (weapon)
 i - a +1 short sword of freezing
Missiles
 j - 112 stones
 m - 2 javelins
Armour
 b - a +0 leather armour (worn)
 f - a +0 ring mail
Scrolls
 d - a scroll of magic mapping {unknown}
 e - a scroll of identify
 g - 2 scrolls of immolation
 k - a scroll of fear {unknown}
 n - a scroll of brand weapon {unknown}
 p - a scroll of vulnerability {unknown}


   Skills:
 - Level 3.2 Fighting
 * Level 3.0 Axes
 + Level 2.2 Armour
 - Level 0.7 Dodging
 + Level 2.5 Invocations


You had 2 spell levels left.
You didn't know any spells.
Your spell library was empty.

Dungeon Overview and Level Annotations

Branches:
Dungeon (3/15)

Altars:
Trog


Innate Abilities, Weirdness & Mutations

You are completely covered in rugged brown scales. (AC +3, +7% HP)
You have supernaturally acute eyesight. (SInv)
Armour fits poorly on your strangely shaped body.
You can roll at nearby foes to attack.
You have a long armoured tail.


Message History

You kill the ball python!
Lugonu accepts your kill.
You hit the scorpion but do no damage.
You tail-slap the scorpion, but do no damage.
The scorpion stings you.
You are poisoned.
The scorpion poisons you! The scorpion stings you!
You barely miss the scorpion.
You feel very sick. The scorpion barely misses you. x2
You hit the scorpion.
The scorpion is moderately wounded.
You feel sick. The scorpion misses you.
You hit the scorpion but do no damage.
You tail-slap the scorpion, but do no damage.
The scorpion is moderately wounded.
You feel very sick. The scorpion stings you.
* * * LOW HITPOINT WARNING * * *
The scorpion stings you but does no damage.
It was a potion of attraction.
You feel attractive to monsters.
You feel sick. The scorpion closely misses you.
It was a potion of invisibility.
You fade into invisibility!
You feel sick.
The scorpion stings you but does no damage.
You are very lightly contaminated with residual magic.
It was a potion of curing.
You feel better. The scorpion barely misses you. The scorpion stings you!
* * * LOW HITPOINT WARNING * * *
You are lethally poisoned!
The scorpion poisons you!
You aren't carrying any potions.
As you read the scroll labelled XAUTIX XYCLAR, it crumbles to dust.
It is a scroll of identify.
g - 2 scrolls of immolation
* * * LOW HITPOINT WARNING * * *
You feel sick. The scorpion stings you.
You die...

........###.##.##
#####........##÷.#
#>##.###...#.##
###.#..# #.#....#
#...#.## #...#..<
##.##..# ###.##.#
#..##.## #..#..
#.###.# ##.### #@#
..# #.# # #s##.##
#.## #†##.# #..#
#.#..# ##.# ##.#.#
#.## ##....# #..#
#..).## ##.#
#..#.## #.#
#...... #.#


You could see a scorpion.

Vanquished Creatures
  3 dart slugs
  A bat (D:2)
  3 endoplasms
  2 giant cockroaches (D:3)
  6 goblins
  8 hobgoblins
  3 jackals (D:1)
  2 quokkas
  7 ball pythons
  3 frilled lizards
  4 kobolds
  4 rats
46 creatures vanquished.

Notes
Turn   | Place    | Note
-------+----------+-------------------------------------------
     0 | Abyss:1  | ketsa the Palentonga Abyssal Knight began the quest for the
                  | Orb.
     0 | Abyss:1  | Reached XP level 1. HP: 19/19 MP: 2/2
    22 | Abyss:1  | Found a corrupted altar of Lugonu.
    37 | D:1      | Escaped the Abyss
   373 | D:1      | Reached XP level 2. HP: 18/25 MP: 3/3
  2495 | D:2      | Found a faded altar of an unknown god.
  2503 | D:2      | Reached XP level 3. HP: 31/31 MP: 4/4
  3355 | D:3      | Found a bloodstained altar of Trog.
  3612 | D:3      | Noticed a scorpion
  3631 | D:3      | Slain by a scorpion

Illustrated notes

Levels and vault maps discovered:
D:1:      minmay_arrival_shattered_statue, layout_basic, serial_corexii_hall,
          corexii_hall_statues_u, chequers_hall_statues_y,
          chequers_hall_statues_corner_a, corexii_hall_statues_u
D:2:      layout_loops_corners, basic_ecumenical_altar
D:3:      layout_rooms, trog_hazing_becter

Skill      XL: |  1  2  3 |
---------------+----------+-----
Armour         | 2 |  2.2
Axes           | 3 |  3.0
Fighting       | |  3.2
Dodging        | |  0.7
Invocations    | |  2.5

Action                   || total
-------------------------++-------
Melee: War axe           ||   128
       Tailslap          ||    12
Throw: Javelin           ||     2
 Abil: Rolling Charge    ||     2
  Use: Scroll            ||     2
       Potion            ||     3
Armor: Leather armour    ||    52
Dodge: Dodged            ||    82
